 Dungeon Crawl Stone Soup version 0.21.1-68-g103a7af (webtiles) character file.

711 meralisa the Sneak (level 7, 0/62 HPs)
             Began as a Naga Transmuter on Aug 2, 2018.
             Was an Initiate of Qazlal.
             Slain by an orc
             ... wielding a +0 mace
              (1 damage)
             ... on level 4 of the Dungeon.
             The game lasted 00:25:32 (3561 turns).

meralisa the Sneak (Naga Transmuter)                Turns: 3561, Time: 00:25:32

Health: 0/62       AC:  5    Str: 12    XL:     7   Next: 68%
Magic:  8/12       EV: 10    Int: 16    God:    Qazlal [......]
Gold:   169        SH:  0    Dex: 14    Spells: 7/13 levels left

rFire    . . .     SeeInvis +     - Unarmed
rCold    . . .     Gourm    .   (no shield)
rNeg     . . .     Faith    .   b - +0 robe
rPois    +         Spirit   .   (no helmet)
rElec    .         Reflect  .   C - +0 cloak
rCorr    .         Harm     .   s - +0 pair of gloves
MR       .....                  (no barding)
Stlth    +++.......             (no amulet)
HPRegen  0.20/turn              t - +3 ring of intelligence
MPRegen  0.13/turn              (no ring)

@: about to teleport, appendage, very slow
A: large, horns 2, see invisible, deformed body, poison resistance, slowness 2,
slow metabolism 1, spit poison 1, AC +2
a: Spit Poison, End Transformation, Renounce Religion


You were on level 4 of the Dungeon.
You worshipped Qazlal.
Qazlal was noncommittal.
You were not hungry.
You had grown temporary horns.
You visited 1 branch of the dungeon, and saw 4 of its levels.

You collected 169 gold pieces.

Inventory:

Hand Weapons
 e - a +0 short sword of electrocution
 p - a +5 short sword of speed
 x - a +0 scythe
Missiles
 a - 73 arrows
 k - 97 bolts
 H - 3 curare-tipped needles
Armour
 b - a +0 robe (worn)
 s - a +0 pair of gloves (worn)
 C - a +0 cloak (worn)
 D - a +2 buckler
 F - a +0 shield
 G - a +0 pair of gloves
Jewellery
 t - a +3 ring of intelligence (left hand)
Wands
 w - a wand of iceblast (10)
 A - a wand of acid (12)
 E - a wand of clouds (7)
Scrolls
 g - 3 scrolls of identify
 i - 2 scrolls of teleportation
 n - 2 scrolls of enchant armour {unknown}
 q - 2 scrolls of amnesia {unknown}
 y - a scroll of enchant weapon {unknown}
 z - a scroll of remove curse {unknown}
Potions
 f - a potion of brilliance {unknown}
 h - a potion of heal wounds {unknown}
 j - a potion of resistance {unknown}
 l - 2 potions of curing {unknown}
 m - a potion of flight {unknown}
 o - 2 potions of lignification {unknown}
 r - 4 potions of haste
 u - a potion of agility {unknown}
 v - a potion of degeneration {unknown}
 B - a potion of ambrosia {unknown}
Books
 c - a book of Changes

   Spells                             Type                      Level
   a - Beastly Appendage              Transmutation                1
   b - Sticks to Snakes               Transmutation                2
   c - Spider Form                    Transmutation/Poison         3
   d - Ice Form                       Ice/Transmutation            4
   e - Blade Hands                    Transmutation                5
Comestibles
 d - 10 rations


   Skills:
 * Level 3.2 Fighting
 + Level 2.3 Dodging
 * Level 5.9 Stealth
 + Level 4.7 Unarmed Combat
 + Level 3.6 Spellcasting
 + Level 3.7 Transmutations


You had 7 spell levels left.
You knew the following spells:

 Your Spells              Type           Power        Failure   Level  Hunger
a - Beastly Appendage     Tmut           ##....       3%          1    None
b - Sticks to Snakes      Tmut           ##......     5%          2    ##.....
c - Spider Form           Tmut/Pois      #.........   24%         3    ###....


Dungeon Overview and Level Annotations

Branches:
Dungeon (4/15)
 Temple: D:4-7

Altars:
Qazlal
Zin


Innate Abilities, Weirdness & Mutations

You cannot wear boots.
Your serpentine skin is tough. (AC +2)
You have supernaturally acute eyesight. (SInv)
Armour fits poorly on your strangely shaped body.
Your system is resistant to poisons. (rPois)
You cover ground very slowly.
You have a slow metabolism.
You can spit poison.
You have a pair of horns on your head.


Message History

Your ball python bites the ogre.
As you read the scroll of teleportation, it crumbles to dust.
You feel strangely unstable.
You have got your breath back.
Your ball python barely misses the ogre.
The ogre barely misses you.
Your ball python bites the ogre.
The ogre hits your ball python with a giant club!
Your ball python dies!
As you read the scroll of teleportation, it crumbles to dust.
You feel strangely stable. The orc completely misses you.
Casting: Beastly Appendage
Confirm with . or Enter, or press ? or * to list all spells.
You create a snake!
You now have 73 arrows.
The orc hits you but does no damage.
As you read the scroll of teleportation, it crumbles to dust.
You feel strangely unstable. The ogre hits you with a giant club!
* * * LOW HITPOINT WARNING * * *
The orc hits you with a mace.
You die...

#.#. #...# .. #. .#.#. ####
#...# ## . #. #.#.#. #.".#
#...# #.. #... .#.#.##
.....##..?##... #... #.#.#.#
......#...#.... ...#.
.#.#.## .(o...'...'....
....[ #.#.#.# #...# ...#(
.#.#.## #oO.# #.#.#.## #@OS#
.#.#...# ##### #...# #####
#.#'...###...###...###...##
.#÷#...##.....##...##.....##
#.#....#.......#...#.......#
####...#......†'..†'....[..#
#...#.......#...#.......#
#...##.....##...##.....##
#...###...###...###...##


You could see 2 ogres, an orc and a friendly ball python.

Vanquished Creatures
  Grinder (D:3)
  An ogre (D:4)
  A howler monkey (D:4)
  A hound (D:4)
  2 iguanas (D:4)
  Ijyb (D:3)
  3 worker ants (D:4)
  3 adders (D:2)
  An ooze (D:2)
  2 worms (D:2)
  3 dart slugs
  2 leopard geckos (D:2)
  6 orcs
  4 giant cockroaches
  8 goblins
  2 hobgoblins (D:2)
  13 jackals
  2 kobolds (D:2)
  2 quokkas
  2 ball pythons
  8 bats
  4 frilled lizards
  A leopard gecko skeleton (D:4)
  A quokka skeleton (D:4)
  4 rats
78 creatures vanquished.

Vanquished Creatures (collateral kills)
  Sigmund (D:3)
1 creature vanquished.

Vanquished Creatures (others)
  The ghost of wistyy the Cudgeler, an amateur MiFi (D:4)
  A jackal skeleton (D:4)
2 creatures vanquished.

Grand Total: 81 creatures vanquished

Notes
Turn   | Place    | Note
-------+----------+-------------------------------------------
     0 | D:1      | meralisa the Naga Transmuter began the quest for the Orb.
     0 | D:1      | Reached XP level 1. HP: 18/18 MP: 3/3
    66 | D:1      | Reached XP level 2. HP: 16/25 MP: 3/5
    86 | D:1      | Learned a level 2 spell: Sticks to Snakes
   318 | D:1      | Reached skill level 1 in Stealth
   634 | D:1      | Reached XP level 3. HP: 18/31 MP: 0/6
   959 | D:2      | Learned a level 3 spell: Spider Form
  1042 | D:2      | Reached skill level 2 in Stealth
  1047 | D:2      | Reached XP level 4. HP: 35/39 MP: 2/7
  1281 | D:2      | Found a stormy altar of Qazlal.
  1290 | D:2      | Became a worshipper of Qazlal Stormbringer
  1759 | D:3      | Noticed Sigmund
  1775 | D:3      | Killed Sigmund
  1775 | D:3      | Reached skill level 3 in Stealth
  1775 | D:3      | Reached XP level 5. HP: 39/46 MP: 1/9
  1775 | D:3      | Reached XP level 6. HP: 46/55 MP: 1/10
  1954 | D:3      | Noticed Grinder
  1979 | D:3      | Killed Grinder
  2178 | D:3      | Noticed Ijyb
  2192 | D:3      | Killed Ijyb
  2192 | D:3      | Reached skill level 4 in Stealth
  2555 | D:4      | Reached XP level 7. HP: 62/62 MP: 9/11
  2571 | D:4      | Found a glowing silver altar of Zin.
  3240 | D:4      | Reached skill level 5 in Stealth
  3441 | D:4      | Killed wistyy's ghost
  3561 | D:4      | HP: 1/62 [ogre/giant club (16)]
  3561 | D:4      | Slain by an orc

Skill      XL: |  1  2  3  4  5  6  7 |
---------------+----------------------+-----
Stealth        | 1 2 3 4 5 |  5.9
Fighting       | 2 3 |  3.2
Dodging        | 2 |  2.3
Unarmed Combat | 4 |  4.7
Transmutations | 3 |  3.7
Spellcasting   | 3 |  3.6

Action                   |  1- 3 |  4- 6 |  7- 9 || total
-------------------------+-------+-------+-------++-------
Melee: Unarmed           |    66 |    57 |    92 ||   215
       Headbutt          |     5 |     8 |    11 ||    24
       Punch             |       |       |     1 ||     1
 Cast: Beastly Appendage |    12 |    11 |    11 ||    34
       Sticks to Snakes  |     5 |     9 |     7 ||    21
       Spider Form       |     1 |     1 |     1 ||     3
 Abil: Spit Poison       |    24 |    19 |    14 ||    57
  Use: Scroll            |       |     2 |     3 ||     5
  Eat: Ration            |     1 |     1 |       ||     2
       Chunk             |       |     3 |     2 ||     5
Armor: Robe              |    24 |    11 |    20 ||    55
Dodge: Dodged            |    73 |    28 |    45 ||   146
